 Dungeon Crawl Stone Soup version bcrawl-1.21.2-1-g32d02e0829 (webtiles) character file.

Game seed: 1821862827317278483

110 Mrkan the Skirmisher (level 4, -1/29 HPs)
             Began as a Gargoyle Fighter on Feb 21, 2020.
             Was an Initiate of Makhleb.
             Slain by a goblin
             ... wielding a +0 dagger
             ... led by Robin
              (4 damage)
             ... on level 3 of the Dungeon.
             The game lasted 00:04:36 (2344 turns).

Mrkan the Skirmisher (Gargoyle Fighter)             Turns: 2344, Time: 00:04:36

Health: -1/29      AC: 15    Str: 26    XL:     4   Next: 91%
Magic:  4/4        EV:  6    Int:  8    God:    Makhleb [......]
Gold:   117        SH: 10    Dex:  9    Spells: 3/3 levels left

rFire    . . .     SeeInvis .   a - +0 flail
rCold    . . .     Gourm    .   c - +0 shield
rNeg     + . .     Faith    .   h - +0 chain mail
rPois    ∞         Spirit   .   (no helmet)
rElec    +         Reflect  .   j - +0 cloak
rCorr    .         Harm     .   g - +0 pair of gloves
MR       .....                  (no boots)
Stlth    ..........             (no amulet)
HPRegen  0.09/turn              (no ring)
MPRegen  0.09/turn              (no ring)

@: mighty
A: negative energy resistance 1, electricity resistance, unbreathing,
petrification resistance, rot immunity, AC +3
a: Renounce Religion


You were on level 3 of the Dungeon.
You worshipped Makhleb.
Makhleb was noncommittal.
You were not hungry.

You visited 1 branch of the dungeon, and saw 3 of its levels.

You collected 117 gold pieces.

Inventory:

Hand Weapons
 a - a +0 flail (weapon)
Armour
 c - a +0 shield (worn)
 g - a +0 pair of gloves (worn)
 h - a +0 chain mail (worn)
 j - a +0 cloak (worn)
Jewellery
 l - an uncursed amulet of the acrobat {unknown}
Scrolls
 f - 3 scrolls of teleportation {unknown}
 i - 2 scrolls of blinking {unknown}
 k - 2 scrolls of identify {unknown}
 m - a scroll of remove curse {unknown}
Potions
 b - 2 potions of berserk rage {unknown}
 o - 2 potions of degeneration {unknown}
 p - a potion of cancellation {unknown}
Comestibles
 e - 4 rations {!d}
 n - a chunk of flesh


   Skills:
 + Level 4.0 Fighting
 * Level 3.4 Maces & Flails
 + Level 4.0 Armour
 + Level 3.9 Shields


You had 3 spell levels left.
You didn't know any spells.
Your spell library was empty.

Dungeon Overview and Level Annotations

Branches:
Dungeon (3/12)

Altars:
Makhleb
Qazlal

Annotations:
D:3 Robin


Innate Abilities, Weirdness & Mutations

You are resistant to torment.
Your stone body is resilient. (AC +3)
You are immune to poison.
You resist negative energy. (rN+)
You are resistant to electric shocks. (rElec)
You can survive without breathing.
You are immune to petrification.
You are immune to rotting.


Message History

The hobgoblin barely misses you. Robin hits you but does no damage.
You hit the hobgoblin.
The hobgoblin is almost dead.
You block the goblin's attack. The goblin hits you but does no damage.
The goblin barely misses you. Robin hits you but does no damage.
The hobgoblin hits you but does no damage.
You block the goblin's attack. The goblin hits you with a +0 dagger.
* * * LOW HITPOINT WARNING * * *
The goblin hits you but does no damage.
You closely miss the hobgoblin.
The hobgoblin is almost dead.
Robin hits you but does no damage. You block the hobgoblin's attack.
The goblin hits you but does no damage. x2; You block the goblin's attack.
You sock the hobgoblin!
You kill the hobgoblin!
Makhleb accepts your kill.
Your Armour skill increases to level 4!
Robin hits you but does no damage. You block the goblin's attack.
The goblin hits you with a +0 dagger.
You die...

#..# #........# #..#
#........# #..#
#.(......# #..#
#(.......# #..#
#........#### ..#
####...#..... #g#
#...#..... #)#
#...#.....
###@#######...#.<...
#.ggg.......÷.#.....
#.............##.###
#..........##....#
#.(........##....#
#..........#.....#
#...[......###...#
#..........# #.†.#
#..........# #...#


You could see Robin and 3 goblins.

Vanquished Creatures
  A worker ant (D:3)
  An adder (D:2)
  2 worms (D:2)
  7 dart slugs
  4 leopard geckos
  A ball python (D:1)
  5 bats
  2 giant cockroaches
  7 hobgoblins
  A jackal (D:2)
  A quokka (D:2)
  3 frilled lizards
  12 goblins
  6 kobolds
  2 rats (D:1)
55 creatures vanquished.

Notes
Turn   | Place    | Note
-------+----------+-------------------------------------------
     0 | D:1      | Mrkan the Gargoyle Fighter began the quest for the Orb.
     0 | D:1      | Reached XP level 1. HP: 14/14 MP: 1/1
   119 | D:1      | Reached XP level 2. HP: 19/19 MP: 2/2
   575 | D:1      | Reached XP level 3. HP: 23/23 MP: 3/3
  1434 | D:2      | Found a stormy altar of Qazlal.
  1526 | D:2      | Found a burning altar of Makhleb.
  1534 | D:2      | Became a worshipper of Makhleb the Destroyer
  1778 | D:2      | Reached XP level 4. HP: 13/29 MP: 4/4
  2303 | D:3      | Noticed Robin
  2344 | D:3      | Slain by a goblin

Skill      XL: |  1  2  3  4 |
---------------+-------------+-----
Maces & Flails | 3 |  3.4
Fighting       | 4 |  4.0
Armour         | 4 |  4.0
Shields        | |  3.9

Action                   |  1- 3 |  4- 6 || total
-------------------------+-------+-------++-------
Melee: Flail             |   168 |   113 ||   281
  Use: Potion            |       |     1 ||     1
  Eat: Chunk             |     3 |     2 ||     5
Armor: Scale mail        |    14 |       ||    14
       Chain mail        |   124 |   124 ||   248
Dodge: Dodged            |    44 |    43 ||    87
Block: Shield            |   114 |   110 ||   224
